Unix NetHack Version 5.0.0-0 post-release - last build May 10 2026 23:12:36 (d1fa5d53e341ca933230fdaa984d921c805b60aa,branch:main).

Game began 2026-05-17 02:29:10, ended 2026-05-17 03:54:35.

DeathOnAStick, neutral male human Tourist

                             ---------------
                            #-.............|     ---------
                        #####|.............|     |....<...             -------
        -----         ###    |..............     |.......|             +..)..|
      ---...---    ####      -.----------.--     |..@....|             |.....|
      |........    #                    ###      |.......-#############......|
     --.......--#`##                      #   `%#........|             |.....|
     |.........|`#                        ## ##  -------|-             |.....|
     |.....`...-##                         ###          #              -------
     |.........|#                         `##
     --.......--#                           ######
      |)......| #                                #
      ---...--- #                     -----------.---
        -----   #                     |.............|           ------
                #                     |..............#####      |....|
                #----------------     |.............|    #######|....|
                #-..............|  #  |.............|          #....>|
                 |...........(.%.O#e  |.............|           ------
                 ----------------     ---------------

DeathOnAStick the Excursionist  St:14 Dx:14 Co:17 In:12 Wi:9 Ch:16  Neutral S:9571
Dlvl:6  $:440 HP:0(70) Pw:32(32) AC:-3 Xp:8/2438 T:7155 

Latest messages:
 You see here a chest.
 Hmmm, the chest turns out to be locked.
 Unlock it with your key? [ynq] (q) y
 You succeed in unlocking the chest.
 You learn more about your items by comparing them.
 c - an uncursed food ration (8 in total).
 You have a little trouble removing 2 potions of healing.  Continue? [ynq] (q) y
 You learn more about your items by comparing them.
 You have a little trouble removing p - 2 uncursed potions of healing (5 in total).
 Your movements are slowed slightly because of your load.
 What do you want to eat? [cegBI or ?*] c
 Blecch!  Rotten food!
 You finish eating the food ration.
 What do you want to drop? [$a-ikmnp-suvx-zBEGIKOPR-Z or ?*] 1
 Count: 1 c
 You drop an uncursed food ration.
 Your movements are now unencumbered.
 What do you want to wield? [- adz or ?*] a
 You are already wielding that!
 You hit the floating eye.
 You are frozen by the floating eye's gaze!
 You detect an odor reminiscent of a stable.
 The pony turns into a monkey!
 The monkey turns into an elf zombie!
 The elf zombie turns into a dwarf!
 The dwarf misses!
 The dwarf hits!
 The dwarf hits!
 The dwarf hits!
 The dwarf misses!
 The dwarf just misses!
 The dwarf turns into an ogre king!
 The ogre king hits!
 The ogre king hits!
 The ogre king hits!
 The ogre king hits!
 The ogre king just misses!
 The ogre king hits!
 The ogre king hits!
 The ogre king hits!
 The ogre king misses!
 The ogre king hits!
 The ogre king hits!
 You die...
 Do you want your possessions identified? [ynq] (y) y
 Do you want to see your attributes? [ynq] (y) y
 Do you want an account of creatures vanquished? [ynaq] (y) y
 Do you want a list of species genocided? [ynq] (y) y
 Do you want to see your conduct and achievements? [ynq] (y) y
 Do you want to see the dungeon overview? [ynq] (y) y

Inventory:
 Coins    ('$')
  $ - 440 gold pieces
 Weapons  (')')
  z - a +0 elven dagger
  a - a blessed +1 orcish dagger (weapon in right hand)
 Armor    ('[')
  q - an uncursed +0 dwarvish iron helm (being worn)
  P - an uncursed +0 pair of gauntlets of dexterity (being worn)
  r - an uncursed +0 pair of iron shoes (being worn)
  O - an uncursed +1 cloak of invisibility (being worn)
  b - an uncursed +0 mummy wrapping
  u - an uncursed +0 dwarvish mithril-coat (being worn)
 Comestibles  ('%')
  I - an uncursed cream pie
  c - 6 uncursed food rations
  B - 2 uncursed fortune cookies
  g - 2 uncursed oranges
  e - an uncursed tripe ration
 Scrolls  ('?')
  X - a cursed scroll of enchant weapon
  K - an uncursed scroll of light
  Z - a cursed scroll of magic mapping
  G - a cursed scroll of remove curse
  U - an uncursed scroll of teleportation
 Potions  ('!')
  Y - an uncursed potion of extra healing
  p - 5 uncursed potions of healing
 Wands    ('/')
  E - a wand of digging (0:5)
  n - a wand of magic missile (0:7)
  f - a wand of opening (0:4)
  m - a cursed wand of opening (0:7)
  k - a wand of polymorph (0:6)
  T - a wand of sleep (0:8)
  i - a cursed wand of undead turning (0:4)
 Tools    ('(')
  y - an empty cursed bag of holding
  s - an uncursed blindfold
  S - an uncursed brass lantern
  v - an expensive camera (0:82)
  V - a magic marker (0:65)
  h - an uncursed oil lamp
  d - a +0 pick-axe
  x - an uncursed skeleton key
 Gems/Stones  ('*')
  R - an uncursed worthless piece of black glass
  W - an uncursed luckstone

DeathOnAStick the Tourist's attributes:

Background:
 You were an Excursionist, a level 8 male human Tourist.
 You were neutral, on a mission for The Lady
 who was opposed by Blind Io (lawful) and Offler (chaotic).
 You were right-handed.
 You were in the Dungeons of Doom, on level 6.
 You entered the dungeon 7155 turns ago.
 It was nighttime.
 There was a new moon in effect when your adventure ended.
 You had 2438 experience points, 122 more were needed to attain level 9.
 Your score was 9571 before end-of-game adjustments.

Basics:
 You had 0 out of 70 hit points.
 You had all 32 energy points (spell power).
 Your armor class was -3.
 Your wallet contained 440 zorkmids.
 Autopickup was off.

Final Characteristics:
 Your strength was 14 (limit:18/100).
 Your dexterity was 14 (limit:18).
 Your constitution was 17 (limit:18).
 Your intelligence was 12 (limit:18).
 Your wisdom was 9 (limit:18).
 Your charisma was 16 (limit:18).

Final Status:
 You weren't hungry.
 You were unencumbered.
 You were wielding a dagger.
 You were skilled in dagger.

Final Attributes:
 You were piously aligned.
 You were invisible.
 You were guarded.
 You were very lucky.
 You had extra luck.
 Bad luck did not time out for you.
 Good luck did not time out for you.
 You are dead.

Miscellaneous:
 You encountered 1 bones level.
 Total elapsed playing time was 1 hour, 25 minutes and 21 seconds.

Major events:
 Turn
    1: DeathOnAStick the neutral male human Tourist entered the dungeon
  699: attained the rank of Sightseer (level 3)
 1820: entered the Gnomish Mines
 2506: performed his first genocide (disenchanters)
 2576: attained the rank of Excursionist (level 6)
 2861: reached Mine Town
 6154: acquired the Mines' End luckstone
 7155: killed by a chameleon imitating an ogre king, while frozen by a floating eye's gaze

You didn't know any spells.

Skills:
 Fighting Skills
   bare handed combat [Unskilled]
   two weapon combat  [Unskilled]
   riding             [Unskilled]
 Weapon Skills
   dagger             [Skilled]
   knife              [Unskilled]
   axe                [Unskilled]
   pick-axe           [Unskilled]
   short sword        [Unskilled]
   broadsword         [Unskilled]
   long sword         [Unskilled]
   two-handed sword   [Unskilled]
   saber              [Unskilled]
   mace               [Unskilled]
   morning star       [Unskilled]
   flail              [Unskilled]
   hammer             [Unskilled]
   quarterstaff       [Unskilled]
   polearms           [Unskilled]
   spear              [Unskilled]
   trident            [Unskilled]
   lance              [Unskilled]
   bow                [Unskilled]
   sling              [Unskilled]
   crossbow           [Unskilled]
   dart               [Skilled]
   shuriken           [Unskilled]
   boomerang          [Unskilled]
   whip               [Unskilled]
   unicorn horn       [Unskilled]
 Spellcasting Skills
   divination spells  [Unskilled]
   enchantment spells [Unskilled]
   escape spells      [Unskilled]

Voluntary challenges:
 Character rerolling was not enabled.
 You genocided 1 type of monster.
 You never polymorphed an object.
 You never changed form.
 You used no wishes.
Achievements:
 You entered a shop.
 You attained the rank of Sightseer.
 You entered the Gnomish Mines.
 You attained the rank of Excursionist.
 You entered Minetown.
 You entered a temple.
 You completed the Gnomish Mines.

 The Dungeons of Doom: levels 1 to 6
    Level 1:
       An altar, a sink.
    Level 2:
       A tool shop, a fountain.
       Stairs down to The Gnomish Mines.
    Level 3:
       An armor shop.
    Level 4:
       Some altars to The Lady.
    Level 5:
       A fountain.
    Level 6: <- You were here.
       Final resting place for
          you, killed by a chameleon imitating an ogre king, while frozen by a floating eye's gaze.
 The Gnomish Mines: levels 3 to 11
    Level 3:
       A grave.
       Final resting place for
          yeovil-Wiz-Hum-Mal-Neu, killed by a gnome lord.
    Level 4:
    Level 5:
       Many shops, a temple and an altar, some fountains.
    Level 6:
    Level 7:
    Level 8:
    Level 9:
    Level 10:
    Level 11:


Vanquished creatures:
  a ghost
  a lynx
  a panther
  a gremlin
  2 giant spiders
  a horse
  3 gnome rulers
  a gnome mummy
  4 human zombies
  a rope golem
  a Woodland-elf
  a bugbear
  2 rock piercers
  a yellow light
 13 gnome leaders
  5 gnomish wizards
  a gray ooze
  a ghoul
  a straw golem
  9 giant ants
  3 floating eyes
  a kitten
 12 dwarves
  a kobold shaman
  7 hill orcs
  4 rothes
  a giant bat
  a wererat
  2 iguanas
  3 coyotes
  5 hobbits
  2 hobgoblins
  3 giant rats
  8 cave spiders
  a yellow mold
 44 gnomes
  2 gnome zombies
  5 geckos
  3 jackals
  2 foxes
  3 kobolds
  2 goblins
  7 sewer rats
 11 grid bugs
  3 lichens
  a kobold zombie
  7 newts
195 creatures vanquished.

Genocided species:
 disenchanters
1 species genocided.

Game over:
                       ----------
                      /          \
                     /    REST    \
                    /      IN      \
                   /     PEACE      \
                  /                  \
                  |  DeathOnAStick   |
                  |      440 Au      |
                  |   killed by a    |
                  |    chameleon     |
                  |   imitating an   |
                  |    ogre king     |
                  |       2026       |
                 *|     *  *  *      | *
        _________)/\\_//(\/(/\)/\//\/|_)_______

Aloha DeathOnAStick the Tourist...

You died in The Dungeons of Doom on dungeon level 6 with 9556 points,
and 440 pieces of gold, after 7155 moves.
You were level 8 with a maximum of 70 hit points when you died.

